 Dungeon Crawl Stone Soup version 0.29.1-13-g9f3cf754e1 (webtiles) character file.

Game seed: 3900643738766492749

1054 croobank the Conjurer (level 7, -1/85 HPs)
             Began as a Demigod Conjurer on Jan 24, 2023.
             Slain by Edmund
             ... wielding a +0 flail of protection
              (14 damage)
             ... on level 5 of the Dungeon.
             The game lasted 00:20:10 (6699 turns).

croobank the Conjurer (Demigod Conjurer)            Turns: 6699, Time: 00:20:11

Health: -1/85      AC:  2    Str:  8    XL:     7   Next: 76%
Magic:  15/15      EV: 13    Int: 30    God:
Gold:   193        SH:  0    Dex: 12    Spells: 3/13 levels left

rFire   . . .      SeeInvis .   q - +8 dagger of the First Friends {flame, Fly Int+2}
rCold   . . .      Faith    .   (no shield)
rNeg    . . .      Spirit   .   a - +0 robe
rPois   .          Reflect  .   (no helmet)
rElec   .          Harm     .   (no cloak)
rCorr   .          Rampage  .   (no gloves)
Will    .....                   (no boots)
Stlth   ..........              j - amulet of magic regeneration
HPRegen 0.24/turn               (no ring)
MPRegen 0.54/turn               (no ring)

@: berserking, lethally poisoned (-1 -> -5), flying, very quick
A: high MP 1, forlorn, divine attributes
a: no special abilities


You were on level 5 of the Dungeon.
You visited 1 branch of the dungeon, and saw 5 of its levels.
You also visited: Ossuary.

You collected 193 gold pieces.

Inventory:

Hand Weapons
 c - a +0 dagger
 e - a +1 hand axe
 k - a +0 long sword
 m - a +2 antimagic flail
 o - a +0 falchion of draining
 p - a +0 war axe
 q - the +8 dagger of the First Friends (weapon) {flame, Fly Int+2}
   (You found it on level 5 of the Dungeon)

   It burns those it strikes, dealing additional fire damage.
   Int:       It affects your intelligence (+2).
   Fly:       It grants you flight.
Missiles
 l - 6 poisoned darts
Armour
 a - a +0 robe (worn)
Jewellery
 j - an amulet of magic regeneration (around neck)
Scrolls
 d - 4 scrolls of teleportation
 f - a scroll of identify
 g - a scroll of fear {unknown}
 h - a scroll of vulnerability
 i - a scroll of enchant weapon


   Skills:
 + Level 3.1 Fighting
 + Level 3.9 Dodging
 + Level 4.2 Stealth
 + Level 3.6 Spellcasting
 + Level 5.0 Conjurations
 + Level 2.9 Hexes


You had 3 spell levels left.
You knew the following spells:

 Your Spells              Type           Power      Damage    Failure   Level
a - Magic Dart            Conj           100%       1d8       1%          1
b - Searing Ray           Conj           72%        2d7       1%          2
c - Dazzling Flash        Conj/Hex       58%        N/A       3%          3
d - Fulminant Prism       Conj/Hex       14%        3d9       13%         4

Your spell library contained the following spells:

 Spells                   Type           Power      Damage    Failure   Level
 Iskenderun's Mystic Bla  Conj/Tloc      20%        2d6       24%         4
 Alistair's Intoxication  Tmut/Pois      3%         N/A       88%         5
 Borgnjor's Vile Clutch   Necr/Erth      2%         N/A       88%         5
 Eringya's Noxious Bog    Tmut/Pois      2%         N/A       100%        6


Dungeon Overview and Level Annotations

Branches:
Dungeon (5/15)            Ossuary (visited)
 Temple: D:4-7

Shops:
D:5 *

Annotations:
D:4 Ijyb
D:5 Edmund


Innate Abilities, Weirdness & Mutations

You have an increased reservoir of magic. (+10% MP)
You shall have no god before yourself.
Your divine heritage dramatically boosts your attributes as you level up.


Message History

Edmund is lightly wounded.
Edmund closely misses you. The scorpion stings you.
You are poisoned.
The scorpion poisons you!
You hit Edmund but do no damage.
Edmund is lightly wounded.
You feel very sick.
Edmund gestures with his flail.
Edmund completely misses you. The scorpion closely misses you.
You hit Edmund. You burn Edmund.
Edmund is moderately wounded.
You feel sick.
Edmund is no longer blind.
The scorpion is no longer blind.
The scorpion completely misses you.
Edmund hits you with a +0 flail of protection!
* * * LOW HITPOINT WARNING * * *
Okay, then.
Okay, then.
Okay, then.
You feel better. The scorpion closely misses you. Edmund barely misses you.
The scorpion stings you.
You are poisoned.
The scorpion poisons you!
It was a potion of berserk rage.
A red film seems to cover your vision as you go berserk!
You feel yourself moving faster!
You feel mighty!
You feel very sick.
Edmund hits you with a +0 flail of protection.
* * * LOW HITPOINT WARNING * * *
The scorpion stings you!
* * * LOW HITPOINT WARNING * * *
You feel a strong urge to attack something.
You feel sick.
You hit Edmund. You burn Edmund.
Edmund is moderately wounded.
You feel sick.
You closely miss Edmund.
Edmund is moderately wounded.
You feel sick.
Edmund hits you with a +0 flail of protection!
You die...

#........#.# .......>...#
.[.........# ...........#
...>.......#############
..†..................$.##
#........#...............
##......##.#..#.......#
#########†...#.@.#
#..#...#@#
.........$#s.......
##.#...#......##...
#....?....#....
##.$...#....##..
#.#...?#.... ...#
#.###.#.#.... #.# # #. .
.#.. .#


You could see Edmund and a scorpion.

Vanquished Creatures
  Eustachio (D:3)
  Menkaure (D:5)
  A black bear (D:5)
  2 phantoms (D:5)
  A necrophage (D:5)
  2 scorpions (D:5)
  5 hounds
  3 iguanas
  2 mummies (Ossuary)
  3 adders
  An ufetubus (D:5)
  2 worms
  2 dart slugs
  An orc (D:5)
  6 bats
  6 endoplasms
  5 giant cockroaches
  4 hobgoblins
  8 jackals
  6 kobolds
  2 quokkas (D:3)
  8 ball pythons
  3 frilled lizards
  7 goblins
  3 hobgoblin zombies (Ossuary)
  2 kobold zombies (Ossuary)
  2 orc zombies (Ossuary)
  9 rats
98 creatures vanquished.

Vanquished Creatures (others)
  A fulminant prism (Ossuary)
  5 toadstools (D:1)
6 creatures vanquished.

Grand Total: 104 creatures vanquished

Notes
Turn   | Place    | Note
-------+----------+-------------------------------------------
     0 | D:1      | croobank the Demigod Conjurer began the quest for the Orb.
     0 | D:1      | Reached XP level 1. HP: 14/14 MP: 5/5
   203 | D:1      | Reached XP level 2. HP: 8/20 MP: 2/7
   208 | D:1      | Learned a level 2 spell: Searing Ray
  1062 | D:1      | Reached XP level 3. HP: 27/27 MP: 5/8
  1066 | D:1      | Learned a level 3 spell: Dazzling Flash
  2608 | D:3      | Reached skill level 1 in Fighting
  2608 | D:3      | Reached skill level 4 in Conjurations
  2608 | D:3      | Reached XP level 4. HP: 28/35 MP: 6/10
  3767 | D:4      | Noticed Ijyb
  4426 | D:4      | Reached skill level 1 in Hexes
  4426 | D:4      | Reached XP level 5. HP: 40/40 MP: 5/11
  4620 | D:4      | Noticed Eustachio
  4638 | D:3      | Killed Eustachio
  4639 | D:3      | Reached XP level 6. HP: 26/48 MP: 1/13
  4880 | D:3      | Learned a level 4 spell: Fulminant Prism
  5165 | D:5      | Entered Level 5 of the Dungeon
  5440 | D:5      | Found a sand-covered staircase.
  5452 | Ossuary  | Entered an ossuary
  5732 | D:5      | Reached XP level 7. HP: 15/56 MP: 6/15
  6200 | D:5      | Found Raor's Neck Hole.
  6221 | D:5      | Noticed Menkaure
  6229 | D:5      | Killed Menkaure
  6518 | D:5      | Reached skill level 5 in Conjurations
  6682 | D:5      | Noticed Edmund
  6683 | D:5      | Identified the +8 dagger of the First Friends {flame, Fly
                  | Int+2}
  6699 | D:5      | Slain by Edmund

Illustrated notes

Levels and vault maps discovered:
D:1:      ldierk_walled_garden, layout_loops_ring,
          hellmonk_ecumenical_altar_heavens_door, minmay_tromino_i2
D:2:      layout_loops_ring
D:3:      layout_basic, chequers_temple_overflow_minitemple,
          kennysheep_pointless_box
D:4:      layout_loops_ring, yredelemnul_altar_generic,
          minmay_temple_entry_sparse_star, uniq_eustachio, uniq_ijyb
D:5:      layout_rooms, serial_shops, nicolae_shop_trees,
          chequers_ossuary_entry_cave, hangedman_decor_peaks_small,
          nicolae_shop_sticking_my_neck_out, uniq_edmund, uniq_menkaure

Skill      XL: |  1  2  3  4  5  6  7 |
---------------+----------------------+-----
Stealth        | 2 3 4 |  4.2
Dodging        | 2 3 |  3.9
Spellcasting   | 2 3 |  3.6
Fighting       | 1 2 3 |  3.1
Conjurations   | 4 5 |  5.0
Hexes          | 1 2 |  2.9

Action                   |  1- 3 |  4- 6 |  7- 9 || total
-------------------------+-------+-------+-------++-------
Melee: Dagger            |    47 |    29 |    11 ||    87
 Cast: Magic Dart        |    37 |    26 |     3 ||    66
       Searing Ray       |    26 |    28 |     5 ||    59
       Dazzling Flash    |     2 |     2 |     1 ||     5
       Fulminant Prism   |       |     1 |       ||     1
  Use: Potion            |     1 |     5 |     2 ||     8
       Scroll            |       |     9 |       ||     9
 Stab: Sleeping          |     7 |     1 |       ||     8
Armor: Robe              |    30 |    15 |       ||    45
       Skin              |       |     5 |       ||     5
Dodge: Dodged            |    74 |    71 |    15 ||   160
